 Dungeon Sprint DCSS version 0.29-a0-284-gf9362112df (webtiles) character file.

Game seed: 18097187626077430530

7 flyleaff the Ruffian (level 1, -5/22 HPs)
             Began as a Troll Monk on Mar 17, 2022.
             Killed from afar by a white imp (10 damage)
             ... with a puff of frost
             ... in the Dungeon (Sprint IX: "|||||||||||||||||||||||||||||").
             The game lasted 00:00:23 (25 turns).

flyleaff the Ruffian (Troll Monk)                     Turns: 25, Time: 00:00:24

Health: -5/22      AC:  4    Str: 18    XL:     1   Next: 83%
Magic:  0/0        EV: 10    Int:  6    God:
Gold:   0          SH:  0    Dex: 12    Spells: 0/0 levels left

rFire   . . .      SeeInvis .     - Unarmed
rCold   . . .      Faith    .   (no shield)
rNeg    . . .      Spirit   .   a - +0 robe
rPois   .          Reflect  .   (helmet restricted)
rElec   .          Harm     .   (no cloak)
rCorr   .          Rampage  .   (gloves unavailable)
Will    .....      NoTele   +   (boots unavailable)
Stlth   ++........              (no amulet)
HPRegen 0.87/turn               (no ring)
MPRegen 0.07/turn               (no ring)

@: no status effects
A: large, unfitting armour, claws 3, regeneration 1, shaggy fur 1, tough skin 1
a: no special abilities


You were in the Dungeon.
You visited 1 branch

Inventory:

Armour
 a - a +0 robe (worn)
Scrolls
 h - a scroll of blinking
Potions
 b - a potion of ambrosia
 c - a potion of curing
 d - a potion of heal wounds
 e - a potion of haste
 f - 2 potions of magic
 g - a potion of berserk rage


   Skills:
 + Level 2.9 Fighting
 * Level 1.0 Armour
 + Level 2.9 Dodging
 - Level 1.0 Stealth
 + Level 3.5 Unarmed Combat


You couldn't memorise any spells.
You didn't know any spells.
Your spell library was empty.

Dungeon Overview and Level Annotations

Branches:
Dungeon (1/1)

Altars:


Innate Abilities, Weirdness & Mutations

You are too large for most types of armour.
You have claws for hands.
Your natural rate of healing is unusually fast.
You are covered in fur. (AC +1)
You have tough skin. (AC +1)


Message History

No target in view!
No target in view!
No target in view!
No target in view!
No target in view!
No target in view!
No target in view!
No target in view!
No target in view!
No target in view!
No target in view!
No target in view!
No target in view!
There is an open door to the Dungeon here.
Things that are here:
a giant cockroach corpse; a frilled lizard corpse; a rat corpse You open the door.
A white imp, an adder, an iguana, a hound and a scorpion come into view.
The white imp shouts!
The iguana hisses angrily.
The hound barks!
The white imp gestures at you. The puff of frost hits you!
Ouch! That really hurt!
You are too injured to fight recklessly!
You are too injured to fight recklessly!
You are too injured to fight recklessly!
You are too injured to fight recklessly!
The white imp hits you but does no damage.
There is an open door here.
You scratch the white imp.
The white imp is heavily wounded.
The white imp hits you but does no damage.
You scratch the white imp.
The white imp is heavily wounded.
The white imp hits you. The white imp freezes you.
* * * LOW HITPOINT WARNING * * *
You barely miss the white imp.
The white imp is heavily wounded.
The white imp gestures at you. The puff of frost hits you!
You die... ▓▓▓▓▓▓▓▓▓▓▓▓▓▓▓▓▓▓ ▓<...†.....@5Slhs+ ▓▓▓▓▓▓▓▓▓▓▓▓▓▓▓▓▓▓

You could see a scorpion, an iguana, a hound, an adder and a white imp.

Vanquished Creatures
  A dart slug (D)
  An endoplasm (D)
  A giant cockroach (D)
  A frilled lizard (D)
  A rat (D)
5 creatures vanquished.

Notes
Turn   | Place    | Note
-------+----------+-------------------------------------------
     0 | D        | flyleaff the Troll Monk began the quest for the Orb.
     0 | D        | Reached XP level 1. HP: 22/22 MP: 0/0
    14 | D        | Reached skill level 1 in Armour
    21 | D        | Noticed an iguana
    21 | D        | Noticed a hound
    21 | D        | Noticed a scorpion
    25 | D        | Killed from afar by a white imp

Illustrated notes

Levels and vault maps discovered:
D:        linesprint [early_d, line_temple, items_1, d_10, items_2, lair_1,
          lair_end, items_3, orc_1, orc_end, items_4, d_15, swamp_1, shoals_1,
          snake_1, spider_1, d_20, vaults_1, items_5, swamp_end, shoals_end,
          snake_end, spider_end, vaults_end, d_27, items_6, zot_1, zot_end,
          crypt_end, forest_end, elf_end, slime_end, tomb_end, abyss_end,
          pan_hell_end]

Skill      XL: |  1 |
---------------+----+-----
Armour         | 1 |  1.0
Fighting       | |  2.9
Dodging        | |  2.9
Stealth        | |  1.0
Unarmed Combat | |  3.5

Action                   || total
-------------------------++-------
Melee: Unarmed           ||    14
Armor: Robe              ||     3
Dodge: Dodged            ||     3

Table legend: (Time is in decaauts)
 A = Elapsed time spent in this place.
 B = Non-inter-level travel time spent in this place.
 C = Inter-level travel time spent in this place.
 D = Time resting spent in this place.
 E = Time spent auto-exploring this place.
 F = Levels seen in this place.
 G = Mean time per level.
                   A        B        C        D        E       F      G
               +--------+--------+--------+--------+--------+-----+--------+
         Total |     24 |     24 |      0 |      0 |      8 |   1 |   24.0 |
       Dungeon |     24 |     24 |      0 |      0 |      8 |   1 |   24.0 |
               +--------+--------+--------+--------+--------+-----+--------+

Top non-repeatable levels by time:
       D: 24 daAuts
